 Dungeon Crawl Stone Soup version 0.30-a0-354-g6b83867211 (webtiles) character file.

Game seed: 18392534527746468144

5628 themarg the Fighter (level 10, -2/102 HPs)
             Began as an Armataur Fighter on Nov 7, 2022.
             Was a Priest of Zin.
             Slain by a death yak (18 damage)
             ... on level 8 of the Dungeon on Nov 8, 2022.
             The game lasted 00:31:12 (11016 turns).

themarg the Fighter (Armataur Fighter)             Turns: 11016, Time: 00:31:13

Health: -2/102     AC: 17    Str: 27    XL:     10   Next: 46%
Magic:  13/13      EV:  7    Int: 11    God:    Zin [***...]
Gold:   160        SH:  5    Dex: 12    Spells: 9/9 levels left

rFire   . . .      SeeInvis .    B - +0 flail (protect)
rCold   . . .      Faith    .    c - +0 buckler
rNeg    . . .      Spirit   .    C - +0 chain mail
rPois   ∞          Reflect  .    t - +0 helmet
rElec   .          Harm     .    (no cloak)
rCorr   +          Roll     +    (no gloves)
Will    .....                    (no barding)
Stlth   ..........               (no amulet)
HPRegen 0.37/turn                b - ring of resist corrosion
MPRegen 0.13/turn                (no ring)

@: mighty, vitalised, under a protective aura
A: large, rugged brown scales 3, deformed body, armoured tail, roll, long
tongue, awkward tongue
a: Renounce Religion, Recite, Vitalisation, Imprison, Donate Gold


You were on level 8 of the Dungeon.
You worshipped Zin.
Zin was most pleased with you.
You visited 2 branches of the dungeon, and saw 9 of its levels.
You also visited: Sewer.

You collected 350 gold pieces.
You spent 78 gold pieces at shops.
You donated 112 gold pieces to Zin.

Inventory:

Hand Weapons
 B - a +0 flail of protection (weapon)
Missiles
 e - 102 stones (quivered)
 r - 10 boomerangs
 s - 37 poisoned darts
 u - 4 curare-tipped darts
 A - a throwing net
Armour
 c - a +0 buckler (worn)
 t - a +0 helmet (worn)
 C - a +0 chain mail (worn)
Jewellery
 b - a ring of resist corrosion (left hand)
Wands
 E - a wand of iceblast (7)
Scrolls
 a - a scroll of noise
 i - 4 scrolls of immolation
 j - a scroll of magic mapping {unknown}
 k - 2 scrolls of silence {unknown}
 m - a scroll of brand weapon {unknown}
 n - a scroll of amnesia {unknown}
 q - 2 scrolls of enchant armour {unknown}
 v - a scroll of enchant weapon {unknown}
 w - a scroll of fog {unknown}
 y - 2 scrolls of vulnerability
 z - a scroll of blinking {unknown}
 D - a scroll of acquirement {unknown}
 F - 2 scrolls of identify
Potions
 d - a potion of might
 f - 2 potions of curing
 l - a potion of flight
 o - 2 potions of mutation
 p - 3 potions of brilliance
 x - a potion of invisibility


   Skills:
 + Level 11.6 Fighting
 - Level 1.7 Maces & Flails
 - Level 5.0 Armour
 + Level 4.8 Dodging
 - Level 3.0 Stealth
 - Level 5.0 Shields
 - Level 5.0 Invocations


You had 9 spell levels left.
You didn't know any spells.
Your spell library contained the following spells:

 Spells                   Type           Power      Damage    Failure   Level
 Magic Dart               Conj           0%         1d3       94%         1
 Call Imp                 Summ           0%         N/A       98%         2
 Ensorcelled Hibernation  Hex/Ice        0%         N/A       98%         2
 Passwall                 Tmut/Erth      0%         N/A       98%         2
 Gell's Gravitas          Tloc           0%         N/A       100%        3
 Lesser Beckoning         Tloc           0%         N/A       100%        3
 Mephitic Cloud           Conj/Pois/Air  0%         N/A       100%        3
 Swiftness                Air            0%         N/A       100%        3
 Teleport Other           Tloc           0%         N/A       100%        3


Dungeon Overview and Level Annotations

Branches:
Dungeon (8/15)             Temple (1/1) D:4            Lair (0/5) D:8
  Sewer (visited)

Altars:
Ashenzari
Dithmenos
Elyvilon
Fedhas
Gozag
Hepliaklqana
Kikubaaqudgha
Makhleb
Nemelex Xobeh
Okawaru
Ru
Trog
Vehumet
Wu Jian
Xom
Yredelemnul
Zin

Shops:
D:4 [   D:6 ?([!

Annotations:
D:3 1 runed translucent door, 2 transporters, exclusion: door, ytrimaz's ghost, amateur OgBe
D:8 1 runed translucent door, exclusions: Amaemon and orange demon, Zonian's ghost, novice DjIE


Innate Abilities, Weirdness & Mutations

You are completely covered in rugged brown scales. (AC +3, +7% HP)
Armour fits poorly on your strangely shaped body.
You have a long armoured tail.
You roll when moving toward enemies. (Rampage)
Your long tongue fully drains potion bottles. (2x potion effects)
Your tongue gives you trouble enunciating. (1.5x scroll delay)


Message History

You hit the death yak.
The death yak is almost dead.
The death yak snorts and paws the ground.
The death yak gores you but does no damage.
You hit the death yak but do no damage.
You tail-slap the death yak, but do no damage.
The death yak is almost dead.
The death yak gores you!! The death yak gores you!
* * * LOW HITPOINT WARNING * * *
You sock the death yak!
The death yak is almost dead.
The death yak gores you!
* * * LOW HITPOINT WARNING * * *
You slurp down every last drop of the 2 potions of might!
You feel very mighty all of a sudden.
The death yak gores you but does no damage.
You slurp down every last drop of the 3 potions of curing!
You feel better. The death yak gores you.
* * * LOW HITPOINT WARNING * * *
You bludgeon the death yak!!
You kill the death yak!
You hit the death yak.
The death yak is lightly wounded.
The death yak barely misses you. The death yak gores you!
* * * LOW HITPOINT WARNING * * *
You hit the death yak. You tail-slap the death yak!!
The death yak is moderately wounded.
The death yak snorts and paws the ground.
The death yak gores you but does no damage.
You hit the death yak.
The death yak is heavily wounded.
The death yak barely misses you.
The death yak gores you but does no damage.
You hit the death yak.
The death yak is heavily wounded.
You block the death yak's attack.
You thump the death yak!
The death yak is severely wounded.
The death yak gores you!!
You die...

#...'....#)...)#.............
#>..#....'[....#.............
#...#....#..†..#.........)...
##'#########..########.##.###
#...###.####..###..###.##.##.
#....................'.......
######...............#.......
§W#...###Y######'###...###
§c+...###@###.##.###..)###
§§#...#............#...)).
######...#............#......
#........#............#......
#...###..###'###.###.####'###
#...###..###[###.###[###....#
#....>.............#...#.....
#..................#...#.....
#..................#...'.....


You could see a death yak.

Vanquished Creatures
  2 death yaks (D:8)
  Amaemon (D:8)
  Joseph (D:7)
  An orange demon (D:8)
  A wyvern (D:7)
  A steam dragon (D:8)
  A sky beast (D:6)
  3 ice beasts
  A black bear (D:5)
  An ogre (D:6)
  2 centaurs
  7 kobold brigands
  3 necrophages
  3 scorpions (D:5)
  Blork the orc (D:4)
  4 bullfrogs
  3 wights (D:8)
  4 crimson imps (D:5)
  2 jellies
  6 orc priests
  6 iguanas
  3 orc wizards
  Natasha (thrice) (D:2)
  10 gnolls
  3 river rats
  9 adders
  6 white imps
  8 worms
  4 dart slugs
  29 orcs
  8 endoplasms
  3 giant cockroaches
  2 goblins
  9 hobgoblins
  6 quokkas
  10 ball pythons
  9 bats
  7 frilled lizards
  17 kobolds
  11 rats
211 creatures vanquished.

Vanquished Creatures (others)
  An orc (D:8)
1 creature vanquished.

Grand Total: 212 creatures vanquished

Notes
Turn   | Place    | Note
-------+----------+-------------------------------------------
     0 | D:1      | themarg the Armataur Fighter began the quest for the Orb.
     0 | D:1      | Reached XP level 1. HP: 19/19 MP: 1/1
   120 | D:1      | Reached skill level 1 in Stealth
   170 | D:1      | Reached skill level 3 in Fighting
   288 | D:1      | Reached XP level 2. HP: 27/27 MP: 2/2
  1111 | D:2      | Reached XP level 3. HP: 33/33 MP: 3/3
  1254 | D:2      | Noticed Natasha
  1261 | D:2      | Killed Natasha
  1262 | D:2      | Reached XP level 4. HP: 30/42 MP: 4/4
  1367 | D:2      | Noticed Natasha
  1372 | D:2      | Reached skill level 4 in Fighting
  1373 | D:2      | Killed Natasha
  1520 | D:2      | Found a hazy altar of Hepliaklqana.
  1862 | D:2      | Noticed Natasha
  1869 | D:2      | Killed Natasha
  1870 | D:2      | Reached XP level 5. HP: 50/50 MP: 5/5
  1899 | D:3      | Identified the ring of Uxzot {Ice rN+++ Int+3 Slay-6 SInv}
  1926 | D:3      | Found a radiant altar of Vehumet.
  1933 | D:3      | Found a sacrificial altar of Ru.
  1964 | D:3      | Reached skill level 5 in Fighting
  2139 | D:3      | Found a runed translucent door.
  2141 | D:3      | Noticed ytrimaz's ghost (amateur OgBe)
  2156 | D:3      | Found a transporter.
  2159 | D:3      | Found a transporter.
  2175 | D:3      | Found a white marble altar of Elyvilon.
  2177 | D:3      | Found a burning altar of Makhleb.
  2609 | D:4      | Found a glowing drain.
  2618 | Sewer    | Entered a sewer
  2653 | Sewer    | Reached XP level 6. HP: 42/60 MP: 6/6
  3066 | Sewer    | Reached skill level 6 in Fighting
  3359 | Sewer    | Reached skill level 7 in Fighting
  3359 | Sewer    | Reached XP level 7. HP: 65/70 MP: 7/7
  3747 | D:4      | Found a staircase to the Ecumenical Temple.
  3753 | Temple   | Entered the Ecumenical Temple
  3764 | Temple   | Became a worshipper of Zin the Law-Giver
  3764 | Temple   | Reached * piety under Zin
  3922 | D:4      | Found a sparkling altar of Nemelex Xobeh.
  4288 | D:4      | Noticed Blork the orc
  4300 | D:4      | Killed Blork the orc
  4616 | D:4      | Found Yleckewac's Antique Armour Shop.
  4783 | D:4      | Donated 77 gold pieces to Zin
  4785 | D:5      | Entered Level 5 of the Dungeon
  4829 | D:5      | Found a shimmering altar of Xom.
  4865 | D:5      | Reached skill level 8 in Fighting
  5030 | D:5      | Reached XP level 8. HP: 68/82 MP: 8/8
  5348 | D:5      | Reached skill level 9 in Fighting
  5864 | D:5      | Found an iron altar of Okawaru.
  6372 | D:6      | Reached skill level 10 in Fighting
  6534 | D:6      | Reached skill level 1 in Invocations
  6542 | D:6      | Found a broken altar of Ashenzari.
  6549 | D:6      | Found Duixkecela's Armour Boutique.
  6690 | D:6      | Reached skill level 5 in Shields
  6691 | D:6      | HP: 3/84 [orc priest/divine providence (12)]
  6694 | D:6      | Found Ceacym's Antique Weapon Shoppe.
  6957 | D:6      | Found an ancient bone altar of Kikubaaqudgha.
  7041 | D:6      | Reached XP level 9. HP: 89/90 MP: 11/11
  7058 | D:6      | Found Fadumud's Magic Scroll Shop.
  7066 | D:6      | Bought a scroll of identify for 26 gold pieces
  7066 | D:6      | Bought a scroll of identify for 26 gold pieces
  7066 | D:6      | Bought a scroll of identify for 26 gold pieces
  7093 | D:6      | Found an ornate altar of the Wu Jian Council.
  7311 | D:6      | Found Jyabugoc's Distillery.
  7875 | D:7      | Reached ** piety under Zin
  8168 | D:7      | Reached skill level 5 in Invocations
  8426 | D:7      | Noticed Joseph
  8439 | D:7      | Killed Joseph
  8440 | D:7      | Reached skill level 1 in Dodging
  8673 | D:8      | Noticed Amaemon
  8938 | D:8      | Noticed an orange demon
  9122 | D:8      | Reached skill level 5 in Armour
  9288 | D:8      | Found a basalt altar of Yredelemnul.
  9340 | D:8      | Reached *** piety under Zin
  9614 | D:8      | Found a runed translucent door.
  9616 | D:8      | Noticed a centaur warrior
  9616 | D:8      | Noticed Zonian's ghost (novice DjIE)
  9993 | D:8      | Killed Amaemon
  9994 | D:8      | Reached XP level 10. HP: 38/100 MP: 13/13
 10117 | D:8      | Killed an orange demon
 10118 | D:8      | Reached skill level 11 in Fighting
 10363 | D:8      | Noticed a death yak
 10528 | D:8      | Found a staircase to the Lair.
 10536 | D:8      | Noticed a death yak
 10576 | D:8      | Killed a death yak
 10977 | D:8      | Noticed a death yak
 11011 | D:8      | Killed a death yak
 11016 | D:8      | Slain by a death yak

Illustrated notes

Levels and vault maps discovered:
D:1:      minmay_arrival_split_and_join, layout_loops_ring, st_stairs_9
D:2:      layout_basic, basic_altar, minmay_tetromino_o4, uniq_natasha
D:3:      layout_rooms, grunt_temple_overflow_open,
          gammafunk_temple_overflow_arena, gammafunk_ghost_grave
D:4:      layout_gridville, mainiacjoe_overflow_small_starburst,
          minmay_temple_entry_nine_rooms, serial_shops,
          nicolae_shop_hallway_stairs, cheibrodos_sewer_entry_sluice,
          minmay_tree_intersection, uniq_blork_the_orc
D:5:      minmay_inner_zag, layout_loops_ring, okawaru_ov_weapons_minmay,
          led_xom_imps
D:6:      layout_rooms, old_standard_altar, lemuel_coloured_pillars_altar,
          overflow_temple_1_default, serial_shops, nicolae_shop_hallway_stairs,
          shop, nicolae_shop_trees, nicolae_shop_stone, minmay_misc_feat_x,
          hex_intersection, minmay_misc_feat_ornament,
          nicolae_concentric_dashed_squares_mild
D:7:      layout_loops_ring, uniq_joseph
D:8:      layout_gridville, mainiacjoe_overflow_paths, dpeg_lair_monsters,
          ebering_ghost_inner_flame, uniq_amaemon
Temple:   hellmonk_temple_rainy

Skill      XL: |  1  2  3  4  5  6  7  8  9 10 |
---------------+-------------------------------+-----
Stealth        | 1 2 3 |  3.0
Fighting       | 3 4 5 7 8 10 11 | 11.6
Shields        | 5 |  5.0
Invocations    | 2 5 |  5.0
Armour         | 5 |  5.0
Dodging        | 3 4 |  4.8
Maces & Flails | |  1.7

Action                   |  1- 3 |  4- 6 |  7- 9 | 10-12 || total
-------------------------+-------+-------+-------+-------++-------
Melee: Flail             |    86 |   225 |   450 |   107 ||   868
       Tailslap          |     9 |    26 |    66 |    28 ||   129
       Unarmed           |       |       |    11 |       ||    11
Invok: Donate Gold       |       |       |     1 |       ||     1
       Recite            |       |       |     5 |     2 ||     7
       Vitalisation      |       |       |     2 |     1 ||     3
Evoke: Wand              |       |       |     3 |     3 ||     6
  Use: Scroll            |       |       |    16 |       ||    16
       Potion            |       |       |     2 |     5 ||     7
 Stab: Confused          |       |       |     2 |       ||     2
Armor: Scale mail        |    34 |   105 |    71 |       ||   210
       Chain mail        |       |       |   256 |    69 ||   325
       Skin              |       |       |     3 |       ||     3
Dodge: Dodged            |    32 |    71 |   188 |    44 ||   335
Block: Buckler           |    15 |    44 |   117 |    24 ||   200

Table legend: (Time is in decaauts)
 A = Elapsed time spent in this place.
 B = Non-inter-level travel time spent in this place.
 C = Inter-level travel time spent in this place.
 D = Time resting spent in this place.
 E = Time spent auto-exploring this place.
 F = Levels seen in this place.
 G = Mean time per level.
                   A        B        C        D        E       F      G
               +--------+--------+--------+--------+--------+-----+--------+
         Total |  11483 |  11167 |    316 |   1911 |   6996 |  10 | 1148.3 |
       Dungeon |  10164 |   9848 |    316 |   1574 |   6355 |   8 | 1270.5 |
        Temple |     19 |     19 |      0 |      0 |      3 |   1 |   19.0 |
         Sewer |   1298 |   1298 |      0 |    337 |    637 |   1 | 1298.0 |
               +--------+--------+--------+--------+--------+-----+--------+

Top non-repeatable levels by time:
     D:8: 1975 daAuts
     D:5: 1607 daAuts
     D:7: 1457 daAuts
     D:6: 1369 daAuts
   Sewer: 1298 daAuts
     D:4: 1097 daAuts
     D:2: 1071 daAuts
     D:1: 829 daAuts
     D:3: 756 daAuts
  Temple: 19 daAuts
